 Dungeon Crawl Stone Soup version 0.30.1-9-gdf580d7c3d (webtiles) character file.

Game seed: 17327108678307853560

519 lonewolfV2 the Shield-Bearer (level 7, -4/56 HPs)
             Began as a Formicid Fighter on Oct 20, 2023.
             Was an Initiate of Qazlal.
             Slain by an ogre
             ... wielding a +0 giant club
              (14 damage)
             ... on level 5 of the Dungeon.
             The game lasted 00:07:42 (4161 turns).

lonewolfV2 the Shield-Bearer (Formicid Fighter)     Turns: 4161, Time: 00:07:44

Health: -4/56      AC: 12    Str: 26    XL:     7   Next: 45%
Magic:  6/7        EV:  7    Int:  7    God:    Qazlal [......]
Gold:   131        SH: 14    Dex: 13    Spells: 6/6 levels left

rFire   . . .        j - +7 mace "Qoroykk" {elec, *Slow Str+3 SInv}
rCold   . . .        o - +0 tower shield {AC+3}
rNeg    . . .        b - +0 scale mail
rPois   .            (helmet unavailable)
rElec   .            (no cloak)
rCorr   .            i - +1 pair of gloves {infuse}
SInv    +            (no boots)
Will    .....        (no amulet) Stlth
                     (no ring)
HPRegen 0.29/turn    (no ring)
MPRegen 0.10/turn

%: slow self (1%), infuse magic (1 MP)
@: no status effects
A: permanent stasis, dig shafts and tunnels, antennae 3, four strong arms
a: Dig, Shaft Self, Renounce Religion


You were on level 5 of the Dungeon.
You worshipped Qazlal.
Qazlal was noncommittal.
You visited 1 branch of the dungeon, and saw 5 of its levels.

You collected 288 gold pieces.
You spent 157 gold pieces at shops.

Inventory:

Hand Weapons
 a - a +1 war axe
 j - the +7 mace "Qoroykk" (weapon) {elec, *Slow Str+3 SInv}
   (You found it on level 2 of the Dungeon)

   Str:       It affects your strength (+3).
   SInv:      It lets you see invisible.
   *Slow:     It may slow you when you take damage.
Armour
 b - a +0 scale mail (worn)
 c - a +0 buckler
 i - a +1 pair of gloves of infusion (worn)
 o - a +0 tower shield of protection (worn)
Wands
 h - a wand of flame (45)
 p - a wand of acid (5)
Scrolls
 e - a scroll of silence
 m - 4 scrolls of identify
 n - a scroll of teleportation
Potions
 d - 2 potions of might
 f - 2 potions of curing
 g - 3 potions of attraction
 k - a potion of brilliance
 l - a potion of heal wounds


   Skills:
 + Level 5.0 Fighting
 - Level 2.0(3.9) Axes
 * Level 5.2(5.4) Maces & Flails
 - Level 3.2 Armour
 + Level 6.1 Shields


You had 6 spell levels left.
You didn't know any spells.
Your spell library was empty.

Dungeon Overview and Level Annotations

Branches:
Dungeon (5/15)             Temple (0/1) D:4

Altars:
Ashenzari
Cheibriados
Qazlal
Sif Muna
Wu Jian
Xom
The Shining One

Shops:
D:4 ([


Innate Abilities, Weirdness & Mutations

You cannot be hasted, slowed, berserked, paralysed or teleported.
You can dig through walls and to a lower floor.
You have a pair of large antennae on your head. (SInv)
Your four strong arms can wield two-handed weapons with a shield.


Message History

The black bear claws you but does no damage.
You bludgeon the black bear!!
The black bear is almost dead.
The black bear goes berserk!
The black bear bites you but does no damage.
The black bear claws you but does no damage.
The black bear claws you.
You bludgeon the black bear!!
You kill the black bear!
Qazlal accepts your kill.
The howler monkey hoots and howls with incredible vigour!
You hear a shout!
Your Fighting skill increases to level 5!
Your Maces & Flails skill increases to level 5!
Your Shields skill increases to level 6!
You thump the howler monkey!
The howler monkey is heavily wounded.
The howler monkey closely misses you.
You bludgeon the howler monkey!!
You kill the howler monkey!
Qazlal accepts your kill.
An ogre comes into view. It is wielding a +0 giant club.
An ogre is nearby!
An ogre is nearby!
An ogre is nearby!
The ogre shouts!
You hear a shout!
An orc priest comes into view. It is wielding a +0 club.
The orc priest shouts!
You sock the ogre!
The ogre is heavily wounded.
The ogre hits you with a +0 giant club!!
The orc priest calls down the wrath of Beogh upon you.
Beogh smites you!
You barely miss the ogre.
The ogre is heavily wounded.
The orc priest mumbles some strange prayers to Beogh against you.
Beogh smites you!
* * * LOW HITPOINT WARNING * * *
The ogre hits you with a +0 giant club!
You die...

#.# #.# #.# #..
#.# ..# #.# #
#.# #.# .o #.#
##.# #.### #.#
#.###...
#...###.###
#......#
#.O@.....##
#####.##
#.####....## #.#
#
#.....######.##
#..............
#......###.#.#.
##...#.##...#.#
##.##.#.......
.###.##.........
................


You could see an ogre and an orc priest.

Vanquished Creatures
  An ice beast (D:5)
  A black bear (D:5)
  A howler monkey (D:5)
  A hound (D:5)
  A sleepcap (D:5)
  Crazy Yiuf (D:4)
  Jessica (D:3)
  2 iguanas
  A mummy (D:4)
  4 adders
  A white imp (D:5)
  An ufetubus (D:5)
  A worm (D:3)
  2 orcs
  6 ball pythons
  3 bats
  7 endoplasms
  2 giant cockroaches
  A goblin (D:2)
  8 hobgoblins
  5 jackals
  5 quokkas
  4 frilled lizards
  6 kobolds
  11 rats
77 creatures vanquished.

Vanquished Creatures (others)
  5 dream sheep (D:3)
  An endoplasm (D:3)
6 creatures vanquished.

Grand Total: 83 creatures vanquished

Notes
Turn   | Place    | Note
-------+----------+-------------------------------------------
     0 | D:1      | lonewolfV2 the Formicid Fighter began the quest for the
                  | Orb.
     0 | D:1      | Reached XP level 1. HP: 18/18 MP: 1/1
   257 | D:1      | Reached XP level 2. HP: 24/24 MP: 2/2
   700 | D:1      | Reached XP level 3. HP: 27/30 MP: 3/3
  1506 | D:2      | Reached skill level 5 in Shields
  1620 | D:2      | Found a faded altar of an unknown god.
  1627 | D:2      | Reached XP level 4. HP: 35/37 MP: 4/4
  1684 | D:2      | Found a broken altar of Ashenzari.
  1872 | D:2      | Identified the +7 mace "Qoroykk" {elec, *Slow Str+3 SInv}
  1968 | D:3      | Noticed Jessica
  1971 | D:3      | Killed Jessica
  1972 | D:3      | Reached skill level 1 in Maces & Flails
  2096 | D:3      | Found a shimmering blue altar of Sif Muna.
  2328 | D:3      | Reached XP level 5. HP: 25/42 MP: 5/5
  2566 | D:3      | Noticed a dream sheep
  2566 | D:3      | Noticed a dream sheep
  2566 | D:3      | Noticed a dream sheep
  2566 | D:3      | Noticed a dream sheep
  2566 | D:3      | Noticed a dream sheep
  2566 | D:3      | Found a shimmering altar of Xom.
  2570 | D:3      | Killed a dream sheep
  2571 | D:3      | Killed a dream sheep
  2571 | D:3      | Killed a dream sheep
  2571 | D:3      | Killed a dream sheep
  2571 | D:3      | Killed a dream sheep
  2891 | D:3      | Found a stormy altar of Qazlal.
  2901 | D:3      | Became a worshipper of Qazlal Stormbringer
  3088 | D:4      | Found Aguucub's Antique Armour Shoppe.
  3096 | D:4      | Bought a pair of glowing gloves for 157 gold pieces
  3132 | D:4      | Found a staircase to the Ecumenical Temple.
  3143 | D:4      | Found Pyklao's Antique Weapon Emporium.
  3277 | D:4      | Found a runed translucent door.
  3278 | D:4      | Noticed Crazy Yiuf
  3284 | D:4      | Killed Crazy Yiuf
  3387 | D:4      | Found a snail-covered altar of Cheibriados.
  3478 | D:4      | Found an ornate altar of the Wu Jian Council.
  3501 | D:4      | Reached XP level 6. HP: 48/48 MP: 3/6
  3655 | D:5      | Entered Level 5 of the Dungeon
  3686 | D:5      | Noticed an ice beast
  3692 | D:5      | Killed an ice beast
  3900 | D:5      | Found a glowing golden altar of the Shining One.
  4068 | D:5      | Noticed a black bear
  4077 | D:5      | Reached XP level 7. HP: 54/55 MP: 3/7
  4080 | D:5      | Reached skill level 5 in Fighting
  4080 | D:5      | Reached skill level 5 in Maces & Flails
  4080 | D:5      | Reached skill level 6 in Shields
  4161 | D:5      | Slain by an ogre

Illustrated notes

Levels and vault maps discovered:
D:1:      kilobyte_arrival_exit_the_forest, layout_basic
D:2:      layout_rooms, nicolae_ecumenical_snake_handling, basic_altar
D:3:      layout_loops_corners, lemuel_coloured_pillars_altar,
          kb_xom_exploding_sheep, mainiacjoe_overflow_chevrons, uniq_jessica
D:4:      layout_cave_pools, slow_altar_2, nicolae_wu_jian_wuxing_cycle,
          minmay_temple_entry_glassed_door, serial_shops,
          nicolae_lakefront_shop, shop_coins, uniq_crazy_yiuf_cottage
D:5:      layout_loops_ring, tso_altar, mainiacjoe_overflow_boulevard,
          fiery_altar_vehumet

Skill      XL: |  1  2  3  4  5  6  7 |
---------------+----------------------+-----
Fighting       | 4 5 |  5.0
Shields        | 5 6 |  6.1
Maces & Flails | 2 3 4 5 |  5.2
Axes           | |  2.0
Armour         | |  3.2

Action                     |  1- 3 |  4- 6 |  7- 9 || total
---------------------------+-------+-------+-------++-------
  Melee: War axe           |    81 |     7 |       ||    88
         Mace              |       |    80 |     7 ||    87
    Use: Scroll            |     3 |     7 |       ||    10
 Armour: Scale mail        |    41 |    43 |     3 ||    87
  Dodge: Dodged            |    52 |    26 |     1 ||    79
  Block: Buckler           |    22 |    21 |       ||    43
         Tower shield      |       |    19 |     2 ||    21
